Map: Симулякр РВ

Players

Dolmatt

  • Race: Terran Terran
  • League: Platinum
  • Spawn Location: 11:00

Prototype - Winner!

  • Race: Terran Terran
  • League: Diamond
  • Spawn Location: 5:00

VOD

Have the link to the VOD?

Description

Time

  • Played on: Dec. 12, 2019, 10:47 p.m.
  • Length: 8:08
Show
View Real Time Build Order
Export as new Build Order

Dolmatt Terran 

Build Orders:  

Get SALT Encoding   

  12  0:02  SCV  
  13  0:14  SCV  
  14  0:18  Supply Depot  
  14  0:26  SCV  
  15  0:31  Refinery  
  15  0:39  SCV  
  16  0:46  Barracks  
  16  0:58  SCV  
  17  1:10  SCV  
  18  1:22  SCV  
  19  1:36  Orbital Command  
  19  1:39  Reaper  
  20  1:51  Supply Depot  
  20  2:01  Factory  
  19  2:06  SCV  
  20  2:18  SCV  
  21  2:23  Barracks Tech Lab  
  21  2:31  SCV  
  21  2:36  Supply Depot  
  22  2:41  Command Center  
  22  2:42  Marauder  
  24  2:46  Factory Tech Lab  
  24  2:55  SCV  
  25  3:00  Engineering Bay  
  25  3:05  Starport  
  25  3:24  Refinery  
  25  3:34  Missile Turret  
  25  3:35  SCV  
  26  3:42  Starport Reactor  
  26  3:47  SCV  
  27  3:56  Refinery  
  27  3:58  Marine  
  27  3:59  SCV  
  27  4:02  Stimpack  
  29  4:09  Orbital Command  
  29  4:11  SCV  
  29  4:14  Refinery  
  29  4:16  Marine  
  31  4:23  Medivac, SCV  
  34  4:34  Marine  
  34  4:35  SCV  
  36  4:47  SCV  
  37  4:58  Marine  
  39  5:00  SCV  
  39  5:03  Missile Turret  
  39  5:05  SCV  
  40  5:12  SCV  
  41  5:16  Marine  
  41  5:17  Supply Depot  
  41  5:18  SCV  
  43  5:24  SCV  
  44  5:30  SCV  
  44  5:31  Siege Tank  
  44  5:34  Marine  
  49  5:47  Missile Turret  
  49  5:52  Marine  
  48  6:03  Siege Tank  
  44  6:09  Missile Turret  
  44  6:10  Marine  
  30  6:28  Marine  
  30  6:31  Missile Turret  
  31  6:50  Cyclone  
  32  6:57  Missile Turret  
  29  7:02  Missile Turret  
  29  7:05  Missile Turret  
  24  7:30  SCV x2  
  24  7:34  Missile Turret  
  26  7:38  Marine  
  26  7:42  SCV x2  
  36  7:54  SCV x2  
Show
View Real Time Build Order
Export as new Build Order

Prototype Terran - Winner!

Build Orders: Liberator Opening 

Get SALT Encoding   

  12  0:01  SCV  
  13  0:14  Supply Depot  
  13  0:19  SCV  
  14  0:31  SCV  
  15  0:41  Barracks  
  15  0:51  Refinery  
  15  0:57  Refinery  
  15  0:59  Refinery  
  15  1:02  SCV  
  15  1:14  SCV  
  16  1:27  SCV  
  17  1:33  Marine  
  17  1:35  Supply Depot  
  18  1:48  SCV  
  18  1:51  Factory  
  19  2:05  Barracks Tech Lab  
  19  2:11  SCV  
  20  2:33  SCV  
  20  2:35  Barracks Reactor  
  21  2:41  Siege Tank  
  24  2:46  Starport  
  24  2:51  SCV  
  24  2:55  Supply Depot  
  25  3:06  Orbital Command, Liberator  
  28  3:33  Siege Tank  
  31  3:35  Marine  
  31  3:37  Marine  
  33  4:12  Barracks Tech Lab  
  33  4:15  Medivac  
  33  4:16  Medivac  
  37  5:07  Siege Tank  
  37  5:08  Banshee  
  43  5:14  Cloaking Field  
  43  5:16  Marine x2  
  45  5:31  Engineering Bay  
  45  5:37  Marine x2  
  45  5:38  Supply Depot  
  39  6:30  Siege Tank  
  42  6:36  Fusion Core  
  42  6:37  Missile Turret  
  42  6:38  Marine x2  
  44  7:26  Marine x2  
Tags
 
Add a new tag
Caveats
  • Supply blocks, unpowered buildings, or Contaminate may cause inaccurate times.
  • Supply counts are checked every 10 seconds.